[ AOE2 MATCH · #480010586 ]
UnrankedBengalis vs Burgundians
[ REPLAY ANALYSIS · EXTRACTED FROM THE RECORDED GAME ]
Feudal
—
Castle
—
Imperial
—
| APM avg | 74.0 |
| APM peak | 67 |
| eAPM avg | 28.7 |
| Villagers / military | 4 / 0 |
Focus
⚔️ 12.5% · 🌾 87.5%
Feudal
—
Castle
—
Imperial
—
| APM avg | 33.1 |
| APM peak | 30 |
| eAPM avg | 15.5 |
| Villagers / military | 6 / 0 |
Focus
⚔️ 0.0% · 🌾 100.0%
Feudal
—
Castle
—
Imperial
—
| APM avg | 6.6 |
| APM peak | 6 |
| eAPM avg | 6.6 |
| Villagers / military | 2 / 0 |
Focus
⚔️ 0.0% · 🌾 100.0%
Feudal
—
Castle
—
Imperial
—
| APM avg | 32.0 |
| APM peak | 29 |
| eAPM avg | 16.6 |
| Villagers / military | 4 / 0 |
Focus
⚔️ 0.0% · 🌾 100.0%
Feudal
—
Castle
—
Imperial
—
| APM avg | 50.8 |
| APM peak | 46 |
| eAPM avg | 18.8 |
| Villagers / military | 4 / 0 |
Focus
⚔️ 0.0% · 🌾 100.0%
Feudal
—
Castle
—
Imperial
—
| APM avg | 7.7 |
| APM peak | 7 |
| eAPM avg | 7.7 |
| Villagers / military | 0 / 0 |
Feudal
—
Castle
—
Imperial
—
| APM avg | 23.2 |
| APM peak | 21 |
| eAPM avg | 18.8 |
| Villagers / military | 5 / 0 |
Focus
⚔️ 0.0% · 🌾 100.0%
Feudal
—
Castle
—
Imperial
—
| APM avg | 1.1 |
| APM peak | 1 |
| eAPM avg | 1.1 |
| Villagers / military | 0 / 0 |
Match map
Initial resources + every placement click. Lines = walls · curves = elevation contours. ◆ gold · ⬟ stone · ● berries · ✦ relic · ◌ wall gap
Your base
CTM | EnanaAtomica's base
DON KEVIN's base
Darcksold's base
DUDA's base
Ignaqcio's base
120057903's base
Al Ghouti's base
Smoothed initial terrain · ◌ = detected wall gap · hover for details
Inputs per minute
— CTM | SMH - - CTM | EnanaAtomica
Build order — CTM | SMH
6 actions detected in the replay
| 0:01 | Queue | Villager (Male) |
| 0:01 | Queue | Villager (Male) |
| 0:02 | Queue | Villager (Male) |
| 0:02 | Build | House |
| 0:03 | Build | House |
| 0:09 | Queue | Villager (Male) |
Build order — CTM | EnanaAtomica
8 actions detected in the replay
| 0:02 | Queue | Villager (Male) |
| 0:02 | Queue | Villager (Male) |
| 0:03 | Queue | Villager (Male) |
| 0:03 | Queue | Villager (Male) |
| 0:03 | Queue | Villager (Male) |
| 0:03 | Queue | Villager (Male) |
| 0:05 | Build | House |
| 0:08 | Build | House |
Build order — DON KEVIN
3 actions detected in the replay
| 0:03 | Queue | Villager (Male) |
| 0:03 | Queue | Villager (Male) |
| 0:05 | Build | House |
Build order — Darcksold
6 actions detected in the replay
| 0:03 | Queue | Villager (Male) |
| 0:04 | Queue | Villager (Male) |
| 0:07 | Build | House |
| 0:23 | Queue | Villager (Male) |
| 0:23 | Queue | Villager (Male) |
| 0:37 | Build | House |
Build order — DUDA
6 actions detected in the replay
| 0:01 | Queue | Villager (Male) |
| 0:01 | Queue | Villager (Male) |
| 0:01 | Queue | Villager (Male) |
| 0:02 | Build | House |
| 0:04 | Build | House |
| 0:21 | Queue | Villager (Male) |
Build order — Ignaqcio
0 actions detected in the replay
Build order — 120057903
7 actions detected in the replay
| 0:01 | Queue | Villager (Male) |
| 0:02 | Queue | Villager (Male) |
| 0:02 | Queue | Villager (Male) |
| 0:03 | Build | House |
| 0:04 | Build | House |
| 0:09 | Queue | Villager (Male) |
| 0:10 | Queue | Villager (Male) |
Build order — Al Ghouti
0 actions detected in the replay
Match timeline
| 0:09 | Ignaqcio · resign |
[ AI ANALYSIS · 1 CREDIT ]
What really happened in this match?
Wolo.gg analyzes every decision: build order, eco, micro, common mistakes by bracket. Personalized analysis on WhatsApp or Discord in 30 seconds.
Civ guide
Bengalis
Perfil
Jugador #20448455